 Dungeon Crawl Stone Soup version 0.26.1-11-gd32895ea62 (webtiles) character file.

Game seed: 1768277712425715966

1428 CaptDreibein the Poker (level 8, -7/54 HPs)
             Began as a Demonspawn Gladiator on June 7, 2021.
             Was a Priest of Hepliaklqana.
             Mangled by a two-headed ogre
             ... wielding a +0 giant spiked club
              (21 damage)
             ... on level 5 of the Dungeon.
             The game lasted 00:21:19 (8438 turns).

CaptDreibein the Poker (Demonspawn Gladiator)       Turns: 8438, Time: 00:21:19

Health: -7/54      AC:  7    Str: 16    XL:     8   Next: 44%
Magic:  17/17      EV: 15    Int:  9    God:    Hepliaklqana [***...]
Gold:   293        SH:  0    Dex: 16    Spells: 7/7 levels left

rFire    . . .     SeeInvis .   p - +0 scythe
rCold    . . .     Faith    .   (shield currently unavailable)
rNeg     . . .     Spirit   .   b - +0 leather armour
rPois    .         Reflect  .   c - +0 helmet
rElec    .         Harm     .   (no cloak)
rCorr    .         Rampage  .   (gloves unavailable)
Will     .....                  o - +0 pair of boots
Stlth    ++........             (no amulet)
HPRegen  0.18/turn              q - ring of magical power
MPRegen  0.15/turn              C - ring of stealth

@: no status effects
A: reduced essence, claws 3, icy blue scales 1, miasma immunity
a: Renounce Religion, Recall Ancestor, Ancestor Identity, Transference


You were on level 5 of the Dungeon.
You worshipped Hepliaklqana.
Hepliaklqana was most pleased with you.
You visited 1 branch of the dungeon, and saw 5 of its levels.
You also visited: Sewer.

You collected 293 gold pieces.

Inventory:

Hand Weapons
 a - a +0 quarterstaff
 p - a +0 scythe (weapon)
Missiles
 d - 3 throwing nets
 k - 3 atropa-tipped darts (quivered)
Armour
 b - a +0 leather armour (worn)
 c - a +0 helmet (worn)
 o - a +0 pair of boots (worn)
Magical Staves
 v - an uncursed staff of conjuration {unknown}
Jewellery
 e - a -4 ring of protection
 q - a ring of magical power (left claw)
 C - a ring of stealth (right claw)
 I - a +6 ring of intelligence {unknown}
Wands
 r - a wand of random effects (13)
 B - a wand of enslavement (8)
 G - a wand of flame (25)
Scrolls
 f - 4 scrolls of remove curse
 g - a scroll of enchant armour {unknown}
 h - 2 scrolls of amnesia {unknown}
 i - 5 scrolls of teleportation {unknown}
 l - 5 scrolls of identify {unknown}
 n - a scroll of fear {unknown}
 t - 2 scrolls of random uselessness {unknown}
 y - a scroll of blinking {unknown}
 H - 3 scrolls of enchant weapon {unknown}
Potions
 j - 2 potions of heal wounds {unknown}
 m - 2 potions of berserk rage {unknown}
 s - a potion of cancellation {unknown}
 w - a potion of invisibility {unknown}
 x - 2 potions of haste {unknown}
 z - a potion of magic {unknown}
 A - a potion of might {unknown}
 D - a potion of degeneration {unknown}
 E - 3 potions of flight {unknown}
 F - 2 potions of curing
 J - a potion of attraction {unknown}
Miscellaneous
 u - a condenser vane


   Skills:
 + Level 4.2 Fighting
 + Level 5.6(6.4) Polearms
 + Level 4.5(5.8) Staves
 + Level 1.9 Throwing
 + Level 3.3 Armour
 + Level 4.9 Dodging
 - Level 0.3 Stealth


You had 7 spell levels left.
You didn't know any spells.
Your spell library was empty.

Dungeon Overview and Level Annotations

Branches:
Dungeon (5/15)              Sewer (visited)
 Temple: D:4-7

Altars:
Dithmenos
Gozag
Hepliaklqana
Okawaru
Ru
Wu Jian
Xom
Zin

Shops:
D:2 *   D:4 :


Innate Abilities, Weirdness & Mutations

You have claws for hands.
You are partially covered in icy blue scales. (AC +2)
You are immune to miasma.
Your life essence is reduced to manifest your ancestor. (-10% HP)


Message History

Gnaeus casts a spell at the two-headed ogre.
The stone arrow hits the two-headed ogre!
The two-headed ogre barely misses Gnaeus.
The two-headed ogre closely misses Gnaeus.
Gnaeus hits the two-headed ogre with a +0 quarterstaff.
There are monsters nearby!
Throw: 4 darts (atropa)
Press: ? - help, Q - select action, (/) - cycle Shift-Dir - straight line, f - two-headed ogre
Aim: a two-headed ogre, wielding two +0 giant spiked clubs (severely wounded, 76% to hit, chance to blind on hit: 3%) Really fire in your ally Gnaeus's direction?
You throw an atropa-tipped dart.
The atropa-tipped dart hits the two-headed ogre.
The two-headed ogre resists.
The two-headed ogre is severely wounded.
The orc warrior hits Gnaeus with a +0 scimitar!!
Gnaeus hits the orc warrior with a +0 quarterstaff!
You barely miss the two-headed ogre.
The two-headed ogre is severely wounded.
The two-headed ogre hits you with a +0 giant spiked club!!
You die...

### ### ##.####.# ..#R....###
.####.....#######################
## #R##.#..##)$$#.....#.....#....
# ##.##..##.#.).#.....#.....#....
###..###..#.#)/ #..#R.#..#..#..#R
#....# ##.#.#'###..#..#..#..#..#.
.....####...#RoO@..#.....#.....#.
..#..##.....#......#.....#.....#.
........##..####################.
......#####......................
.................................
............####################.
............#......#.....#.....#.
............#......#.....#.....#.
............#รท###..#.R#..#.R#..#.


You could see the friendly Gnaeus the battlemage, a two-headed ogre and an orc
warrior.

Vanquished Creatures
  Eustachio (D:4)
  A sky beast (D:4)
  A centaur (D:5)
  2 orc wizards (D:4)
  A gnoll shaman (D:4)
  A worker ant (D:5)
  10 adders
  3 gnolls (D:4)
  A river rat (Sewer)
  An ooze (D:3)
  2 dart slugs
  2 worms
  5 leopard geckos
  13 orcs
  2 ball pythons
  8 giant cockroaches
  9 goblins
  8 hobgoblins
  5 jackals
  5 quokkas
  5 bats
  3 frilled lizards
  8 kobolds
  A leopard gecko skeleton (D:4)
  8 rats
106 creatures vanquished.

Vanquished Creatures (collateral kills)
  Sigmund (D:3)
  An ice beast (D:5)
  A phantom (D:5)
  A big kobold (Sewer)
  A scorpion (D:4)
  5 hounds
  A worker ant (D:3)
  A hound skeleton (D:5)
  A worker ant zombie (D:5)
  Robin (D:3)
  2 gnolls (D:4)
  3 adders
  A dart slug (D:3)
  2 leopard geckos
  5 orcs
  2 bats (D:3)
  A giant cockroach (D:5)
  10 goblins (D:3)
  A hobgoblin (D:3)
  2 jackals
  2 quokkas (D:5)
  2 frilled lizards
  7 kobolds
54 creatures vanquished.

Vanquished Creatures (others)
  3 battlemagi (D:4)
3 creatures vanquished.

Grand Total: 163 creatures vanquished

Notes
Turn   | Place    | Note
-------+----------+-------------------------------------------
     0 | D:1      | CaptDreibein the Demonspawn Gladiator began the quest for
                  | the Orb.
     0 | D:1      | Reached XP level 1. HP: 16/16 MP: 1/1
    74 | D:1      | Gained mutation: You are immune to miasma. [demonic
                  | ancestry]
    74 | D:1      | Reached XP level 2. HP: 16/22 MP: 2/2
  1055 | D:1      | Reached XP level 3. HP: 10/27 MP: 3/3
  1960 | D:2      | Reached skill level 1 in Armour
  2176 | D:2      | Found Zin's Purification Station.
  2176 | D:2      | Found a glowing silver altar of Zin.
  2324 | D:2      | Found a faded altar of an unknown god.
  2459 | D:2      | Became a worshipper of Hepliaklqana the Forgotten
  2459 | D:2      | Reached * piety under Hepliaklqana
  2547 | D:3      | Gained mutation: You are partially covered in icy blue
                  | scales. (AC +2) [demonic ancestry]
  2547 | D:3      | Reached XP level 4. HP: 17/29 MP: 4/4
  3097 | D:3      | Found an opulent altar of Gozag.
  3137 | D:3      | Noticed Sigmund
  3152 | D:3      | Killed Sigmund
  3153 | D:3      | Gained mutation: You have sharp fingernails. [demonic
                  | ancestry]
  3153 | D:3      | Reached XP level 5. HP: 26/35 MP: 5/5
  3334 | D:3      | Found a shimmering altar of Xom.
  3373 | D:3      | Found a sacrificial altar of Ru.
  3602 | D:3      | Reached XP level 6. HP: 23/41 MP: 6/6
  3653 | D:3      | Noticed Robin
  3668 | D:3      | Killed Robin
  3926 | D:3      | Reached ** piety under Hepliaklqana
  3927 | D:3      | Remembered your ancestor Gnaeus as a battlemage
  4291 | D:3      | Reached skill level 1 in Polearms
  4759 | D:4      | HP: 2/41 [poisoned by a scorpion]
  5074 | D:4      | Reached skill level 2 in Polearms
  5271 | D:4      | Noticed a sky beast
  5289 | D:4      | Killed a sky beast
  5290 | D:4      | Gained mutation: You have very sharp fingernails. [demonic
                  | ancestry]
  5290 | D:4      | Reached XP level 7. HP: 14/46 MP: 7/7
  5541 | D:4      | Noticed Eustachio
  5577 | D:4      | Killed Eustachio
  5578 | D:4      | Reached skill level 3 in Polearms
  6459 | D:4      | Found Unefoaku's Book Shop.
  6550 | D:4      | Found an iron altar of Okawaru.
  6609 | D:5      | Entered Level 5 of the Dungeon
  6622 | D:5      | Reached skill level 4 in Polearms
  6888 | D:5      | Reached *** piety under Hepliaklqana
  6906 | D:5      | Found a glowing drain.
  6937 | Sewer    | Entered a sewer
  7139 | Sewer    | Gained mutation: You have claws for hands. [demonic
                  | ancestry]
  7139 | Sewer    | Reached XP level 8. HP: 54/54 MP: 8/8
  7158 | Sewer    | Found a white marble altar of Elyvilon.
  7664 | D:5      | Found an ornate altar of the Wu Jian Council.
  7722 | D:5      | Found a shadowy altar of Dithmenos.
  8010 | D:5      | Reached skill level 5 in Polearms
  8430 | D:5      | Noticed a two-headed ogre
  8431 | D:5      | Found the +7 Spriggan's Knife {stab, EV+4 Stlth+}
  8438 | D:5      | Mangled by a two-headed ogre

Illustrated notes

Levels and vault maps discovered:
D:1:      dpeg_arrival_simpleton_c, layout_rooms
D:2:      layout_loops_ring, zin_purify, chequers_ecumenical_altar_simple_redux
D:3:      minmay_octagon_keep, layout_basic, lemuel_doored_altar,
          marbit_many_paths, nicolae_gozag_seed_capital, minmay_misc_feat_roman,
          mrwooster_statue_mirror, hex_intersection, uniq_robin, uniq_sigmund
D:4:      layout_loops_ring, general_overflow_altar, serial_shops,
          shop_fountains, uniq_eustachio
D:5:      kennysheep_windowed_halls, layout_layer_cave, kennysheep_mini_moat,
          kennysheep_little_box, gup_sewer_entry_glass

Skill      XL: |  1  2  3  4  5  6  7  8 |
---------------+-------------------------+-----
Staves         | 3 4 |  4.5
Dodging        | 3 4 |  4.9
Armour         | 1 2 3 |  3.3
Polearms       | 2 4 5 |  5.6
Fighting       | 3 4 |  4.2
Throwing       | |  1.9
Stealth        | |  0.3

Action                   |  1- 3 |  4- 6 |  7- 9 || total
-------------------------+-------+-------+-------++-------
Melee: Quarterstaff      |   146 |    38 |       ||   184
       Scythe            |       |   110 |   124 ||   234
Throw: Dart              |       |       |     1 ||     1
Invok: Ancestor Identity |     1 |       |       ||     1
       Recall Ancestor   |       |     2 |       ||     2
       Ancestor Life: Ba |       |     1 |       ||     1
  Use: Potion            |     1 |     1 |       ||     2
       Scroll            |     1 |       |       ||     1
 Stab: Sleeping          |     2 |     2 |     5 ||     9
       Distracted        |       |     1 |     2 ||     3
Armor: Leather armour    |    50 |    77 |    75 ||   202
Dodge: Dodged            |   125 |   161 |   119 ||   405
